Devils vs Flyers

Created - October 13 2007 at 12:49

Goals
1 2 3 T
Devils 2 0 1 3
Flyers 0 1 3 4
Shots
1 2 3 T
Devils 12 3 15 30
Flyers 5 13 14 32

Period #1

1. Devils , Patrik Elias 2 (Michael Nylander, Miroslav Satan) at 17:17
2. Devils , Mike Ribeiro 3 (Scott Gomez, Jamie Langenbrunner) at 19:12 (PP)

Penalities :
Miroslav Satan (NJD) for Tripping (Minor) at 1:04, Pavel Kubina (PHI) for Slashing (Minor) at 6:53, Keith Tkachuk (PHI) for Hooking (Minor) at 18:14

Period #2

3. Flyers , Simon Gagne 2 (Wade Redden, Peter Forsberg) at 7:34 (PP)

Penalities :
Pavel Kubina (PHI) for Hooking (Minor) at 1:57, Mike Ribeiro (NJD) for Tripping (Minor) at 4:08, Colin White (NJD) for Roughing (Minor) at 7:08, Juraj Kolnik (NJD) for Hooking (Minor) at 13:52, Brendan Witt (NJD) for Hooking (Minor) at 15:46, Juraj Kolnik (NJD) for Roughing (Minor) at 18:04, Peter Forsberg (PHI) for High sticking (Minor) at 19:40

Period #3

4. Devils , Mike Ribeiro 4 (Patrik Elias, Michael Nylander) at 0:10 (PP)
5. Flyers , Dan Boyle 1 (Mike Knuble, Simon Gagne) at 4:00 (PP)
6. Flyers , Sergei Samsonov 1 (Mike Rathje, Jiri Hudler) at 7:32
7. Flyers , Wade Redden 3 (Simon Gagne, Peter Forsberg) at 15:32

Penalities :
Brendan Witt (NJD) for Roughing (Minor) at 3:43, Branislav Mezei (PHI) for Interference (Minor) at 7:46, Zach Parise (NJD) for Hooking (Minor) at 10:07, Branislav Mezei (PHI) for Roughing (Minor) at 15:53

Goalie Stats

Martin Brodeur (NJD), 28 saves from 32 shots - (0.875), L, 6-1-0, 59:00 minutes
Chris Osgood (PHI), 27 saves from 30 shots - (0.900), W, 4-0-0, 60:00 minutes

Players Stats

Devils
Player Name              G  A  P  +/- PIM S  H  SB FO MP 
-----------------------------------------------------------
Brad Lukowich            0  0  0   0  0   0  2  2  0  23 
Brendan Witt             0  0  0   0  4   1  3  1  0  25 
Brian Gionta             0  0  0  -1  0   1  2  0  1  12 
Brian Rafalski           0  0  0   0  0   1  0  1  0  25 
Chris Chelios            0  0  0   0  0   0  2  1  0  23 
Colin White              0  0  0  -1  2   0  3  0  0  15 
Jamie Langenbrunner      0  1  1   0  0   0  2  0  0  20 
John Madden              0  0  0   0  0   2  0  0  1  9  
Juraj Kolnik             0  0  0   0  4   2  1  0  0  7  
Michael Nylander         0  2  2   0  0   2  4  1  22 20 
Mike Comrie              0  0  0  -1  0   4  0  1  12 12 
Mike Ribeiro             2  0  2  -1  2   2  4  0  0  17 
Miroslav Satan           0  1  1   0  2   6  0  0  3  20 
Patrik Elias             1  1  2   0  0   2  2  0  2  20 
Paul Martin              0  0  0  -1  0   0  0  1  0  12 
Scott Gomez              0  1  1   0  0   3  2  1  37 24 
Travis Zajac             0  0  0   0  0   1  0  0  8  7  
Zach Parise              0  0  0   0  2   3  1  0  2  13 
Flyers
Player Name              G  A  P  +/- PIM S  H  SB FO MP 
-----------------------------------------------------------
Andy Hilbert             0  0  0  -1  0   0  1  0  17 12 
Branislav Mezei          0  0  0   1  4   0  0  1  0  15 
Branko Radivojevic       0  0  0   0  0   1  0  0  0  20 
Dan Boyle                1  0  1   0  0   2  0  1  0  24 
Denis Gauthier           0  0  0   0  0   1  5  0  0  23 
Jiri Hudler              0  1  1   1  0   0  1  1  0  16 
Keith Tkachuk            0  0  0   0  2   5  0  0  21 20 
Michal Handzus           0  0  0   1  0   2  0  0  15 15 
Mike Knuble              0  1  1   1  0   3  1  0  2  18 
Mike Rathje              0  1  1   1  0   0  1  3  0  16 
Pavel Kubina             0  0  0   0  4   1  1  1  0  22 
Peter Forsberg           0  2  2   1  2   1  2  1  25 17 
R.J. Umberger            0  0  0  -1  0   1  0  0  0  6  
Sami Kapanen             0  0  0  -1  0   0  0  0  1  11 
Sergei Samsonov          1  0  1   1  0   2  1  0  1  12 
Simon Gagne              1  2  3   1  0   2  3  0  1  18 
Tomas Holmstrom          0  0  0   0  0   6  2  0  5  20 
Wade Redden              1  1  2   0  0   5  0  0  0  23 

3 Stars

1 - Simon Gagne (PHI)
2 - Mike Ribeiro (NJD)
3 - Patrik Elias (NJD)

Power Play

Devils - 2 on 6 Attempt(s) - 33.33%
Flyers - 2 on 8 Attempt(s) - 25.00%

Penalty Kill

Devils - 6 on 8 Attempt(s) - 75.00% - Score 0 goal in Penalty Kill
Flyers - 4 on 6 Attempt(s) - 66.67% - Score 0 goal in Penalty Kill

Game Notes

No Game Note

Finance

Level 1 -- Attendance: 4216 (70.26%) -- Ticket Income $400,520.00
Level 2 -- Attendance: 4399 (80.38%) -- Ticket Income $241,945.00
Level 3 -- Attendance: 2294 (81.93%) -- Ticket Income $68,820.00
Level 4 -- Attendance: 2492 (58.63%) -- Ticket Income $62,300.00
Luxury Box -- Attendance: 891 (89.05%) -- Ticket Income $169,290.00
Game was played at the Wachovia Center
Total Attendance: 14292 (73.21%)
Total Ticket Income: $979,437.40
Other Income: $165,735.90
Total Income: $1,145,173.00


Play by Play

Period #1

0:01 of 1st period - Peter Forsberg wins face-off versus Michael Nylander in neutral zone.
0:03 of 1st period - Off-side.
0:04 of 1st period - Michael Nylander wins face-off versus Peter Forsberg in neutral zone.
0:09 of 1st period - Simon Gagne is hit by Michael Nylander and loses puck.
0:19 of 1st period - Peter Forsberg is hit by Michael Nylander and loses puck.
0:58 of 1st period - Brendan Witt is hit by Denis Gauthier and loses puck.
1:04 of 1st period - Minor Penalty to Miroslav Satan for Tripping.
1:05 of 1st period - Scott Gomez wins face-off versus Keith Tkachuk in Devils zone.
1:29 of 1st period - Branko Radivojevic is hit by Jamie Langenbrunner and loses puck.
2:32 of 1st period - Shot by Keith Tkachuk.
2:32 of 1st period - Deflect By Tomas Holmstrom.
2:32 of 1st period - Stopped by Martin Brodeur with a rebound.
2:34 of 1st period - Shot by Pavel Kubina.
2:34 of 1st period - Deflect By Keith Tkachuk.
2:34 of 1st period - Shot Misses the Net.
2:36 of 1st period - Shot by Pavel Kubina.
2:36 of 1st period - Shot Blocked by Michael Nylander.
2:40 of 1st period - Shot by Tomas Holmstrom.
2:40 of 1st period - Shot Blocked by Brendan Witt.
2:44 of 1st period - Shot by Keith Tkachuk.
2:44 of 1st period - Stopped by Martin Brodeur without a rebound.
2:45 of 1st period - Scott Gomez wins face-off versus Peter Forsberg in Devils zone.
2:58 of 1st period - Shot by Simon Gagne.
2:58 of 1st period - Deflect By Peter Forsberg.
2:58 of 1st period - Shot Misses the Net.
3:22 of 1st period - Shot by Brian Gionta.
3:22 of 1st period - Stopped by Chris Osgood with a rebound.
3:38 of 1st period - Shot by Mike Comrie.
3:38 of 1st period - Stopped by Chris Osgood without a rebound.
3:39 of 1st period - Travis Zajac wins face-off versus Andy Hilbert in Flyers zone.
4:04 of 1st period - Shot by Sami Kapanen.
4:04 of 1st period - Deflect By Andy Hilbert.
4:04 of 1st period - Shot Blocked by Brian Rafalski.
4:09 of 1st period - Off-side.
4:10 of 1st period - Keith Tkachuk wins face-off versus Scott Gomez in neutral zone.
5:31 of 1st period - Branislav Mezei is hit by Mike Ribeiro and loses puck.
5:35 of 1st period - Icing by Branislav Mezei.
5:36 of 1st period - Michal Handzus wins face-off versus Miroslav Satan in Flyers zone.
5:55 of 1st period - Shot by Miroslav Satan.
5:55 of 1st period - Stopped by Chris Osgood with a rebound.
6:05 of 1st period - Shot by Patrik Elias.
6:05 of 1st period - Stopped by Chris Osgood with a rebound.
6:09 of 1st period - Shot by Michael Nylander.
6:09 of 1st period - Shot Blocked by Peter Forsberg.
6:11 of 1st period - Shot by Michael Nylander.
6:11 of 1st period - Shot Misses the Net.
6:46 of 1st period - Branko Radivojevic is hit by Mike Ribeiro and loses puck.
6:51 of 1st period - Keith Tkachuk is hit by Brian Gionta and loses puck.
6:53 of 1st period - Minor Penalty to Pavel Kubina for Slashing.
6:54 of 1st period - Andy Hilbert wins face-off versus Scott Gomez in Flyers zone.
7:04 of 1st period - Off-side.
7:05 of 1st period - Andy Hilbert wins face-off versus Scott Gomez in neutral zone.
8:12 of 1st period - Shot by Patrik Elias.
8:12 of 1st period - Shot Misses the Net.
8:14 of 1st period - Shot by Patrik Elias.
8:14 of 1st period - Shot Misses the Net.
8:16 of 1st period - Shot by Brian Rafalski.
8:16 of 1st period - Stopped by Chris Osgood without a rebound.
8:17 of 1st period - Scott Gomez wins face-off versus Andy Hilbert in Flyers zone.
8:43 of 1st period - Icing by John Madden.
8:44 of 1st period - Andy Hilbert wins face-off versus Scott Gomez in Devils zone.
8:55 of 1st period - Shot by John Madden.
8:55 of 1st period - Shot Blocked by Pavel Kubina.
9:09 of 1st period - Shot by John Madden.
9:09 of 1st period - Shot Misses the Net.
10:39 of 1st period - Mike Rathje is hit by Colin White and loses puck.
11:28 of 1st period - Icing by Scott Gomez.
11:29 of 1st period - Scott Gomez wins face-off versus Keith Tkachuk in Devils zone.
11:40 of 1st period - Shot by Scott Gomez.
11:40 of 1st period - Stopped by Chris Osgood without a rebound.
11:41 of 1st period - Andy Hilbert wins face-off versus Zach Parise in Flyers zone.
11:54 of 1st period - Shot by Sami Kapanen.
11:54 of 1st period - Shot Blocked by Scott Gomez.
12:08 of 1st period - Shot by Andy Hilbert.
12:08 of 1st period - Deflect By R.J. Umberger.
12:08 of 1st period - Stopped by Martin Brodeur without a rebound.
12:09 of 1st period - Keith Tkachuk wins face-off versus Brian Gionta in Devils zone.
12:12 of 1st period - Shot by Branko Radivojevic.
12:12 of 1st period - Stopped by Martin Brodeur without a rebound.
12:13 of 1st period - Keith Tkachuk wins face-off versus Mike Comrie in Devils zone.
12:30 of 1st period - Shot by Keith Tkachuk.
12:30 of 1st period - Shot Misses the Net.
13:21 of 1st period - Shot by Zach Parise.
13:21 of 1st period - Deflect By Scott Gomez.
13:21 of 1st period - Stopped by Chris Osgood without a rebound.
13:22 of 1st period - Michal Handzus wins face-off versus Michael Nylander in Flyers zone.
13:22 of 1st period - Michal Handzus is hit by Patrik Elias.
13:28 of 1st period - Mike Rathje is hit by Michael Nylander and loses puck.
13:47 of 1st period - Shot by Patrik Elias.
13:47 of 1st period - Shot Blocked by Mike Rathje.
13:51 of 1st period - Shot by Michael Nylander.
13:51 of 1st period - Stopped by Chris Osgood without a rebound.
13:52 of 1st period - Peter Forsberg wins face-off versus Mike Comrie in Flyers zone.
14:45 of 1st period - Shot by Zach Parise.
14:45 of 1st period - Shot Misses the Net.
14:47 of 1st period - Shot by Brad Lukowich.
14:47 of 1st period - Shot Misses the Net.
14:49 of 1st period - Shot by Brad Lukowich.
14:49 of 1st period - Shot Misses the Net.
14:52 of 1st period - Jamie Langenbrunner is hit by Peter Forsberg and loses puck.
15:51 of 1st period - Shot by Miroslav Satan.
15:51 of 1st period - Stopped by Chris Osgood without a rebound.
15:52 of 1st period - Mike Comrie wins face-off versus Tomas Holmstrom in Flyers zone.
17:17 of 1st period - Shot by Patrik Elias.
17:17 of 1st period - Goal by Patrik Elias - Devils : 1 - Flyers : 0.
17:18 of 1st period - Scott Gomez wins face-off versus Michal Handzus in neutral zone.
17:21 of 1st period - Mike Rathje is hit by Zach Parise and loses puck.
17:38 of 1st period - Shot by Sergei Samsonov.
17:38 of 1st period - Shot Misses the Net.
17:49 of 1st period - Shot by Sergei Samsonov.
17:49 of 1st period - Stopped by Martin Brodeur without a rebound.
17:50 of 1st period - Travis Zajac wins face-off versus Keith Tkachuk in Devils zone.
18:14 of 1st period - Minor Penalty to Keith Tkachuk for Hooking.
18:15 of 1st period - Scott Gomez wins face-off versus Andy Hilbert in Devils zone.
18:19 of 1st period - Off-side.
18:20 of 1st period - Michael Nylander wins face-off versus Andy Hilbert in neutral zone.
18:37 of 1st period - Shot by Miroslav Satan.
18:37 of 1st period - Stopped by Chris Osgood without a rebound.
18:38 of 1st period - Michal Handzus wins face-off versus Scott Gomez in Flyers zone.
18:44 of 1st period - Icing by Scott Gomez.
18:45 of 1st period - Michal Handzus wins face-off versus Scott Gomez in Devils zone.
19:12 of 1st period - Shot by Mike Ribeiro.
19:12 of 1st period - Goal by Mike Ribeiro - Devils : 2 - Flyers : 0.
19:13 of 1st period - Peter Forsberg wins face-off versus Michael Nylander in neutral zone.
19:58 of 1st period - Patrik Elias is hit by Simon Gagne and loses puck.

Period #2

0:01 of 2nd period - Michael Nylander wins face-off versus Peter Forsberg in neutral zone.
0:52 of 2nd period - Icing by Dan Boyle.
0:53 of 2nd period - Peter Forsberg wins face-off versus Scott Gomez in Flyers zone.
1:09 of 2nd period - Tomas Holmstrom is hit by Jamie Langenbrunner and loses puck.
1:37 of 2nd period - Branko Radivojevic is hit by Chris Chelios and loses puck.
1:57 of 2nd period - Minor Penalty to Pavel Kubina for Hooking.
1:58 of 2nd period - Michael Nylander wins face-off versus Andy Hilbert in neutral zone.
3:33 of 2nd period - Mike Rathje is hit by Scott Gomez and loses puck.
4:01 of 2nd period - Icing by Denis Gauthier.
4:02 of 2nd period - Mike Comrie wins face-off versus Keith Tkachuk in Flyers zone.
4:03 of 2nd period - Shot by Brian Gionta.
4:03 of 2nd period - Shot Misses the Net.
4:08 of 2nd period - Minor Penalty to Mike Ribeiro for Tripping.
4:09 of 2nd period - Scott Gomez wins face-off versus Peter Forsberg in Devils zone.
4:18 of 2nd period - Shot by Mike Knuble.
4:18 of 2nd period - Stopped by Martin Brodeur without a rebound.
4:19 of 2nd period - Scott Gomez wins face-off versus Tomas Holmstrom in Devils zone.
4:19 of 2nd period - Scott Gomez is hit by Tomas Holmstrom.
4:45 of 2nd period - Shot by Tomas Holmstrom.
4:45 of 2nd period - Shot Misses the Net.
4:47 of 2nd period - Shot by Denis Gauthier.
4:47 of 2nd period - Shot Misses the Net.
4:49 of 2nd period - Shot by Tomas Holmstrom.
4:49 of 2nd period - Shot Misses the Net.
4:51 of 2nd period - Shot by Pavel Kubina.
4:51 of 2nd period - Shot Misses the Net.
4:53 of 2nd period - Shot by Denis Gauthier.
4:53 of 2nd period - Stopped by Martin Brodeur without a rebound.
4:54 of 2nd period - Peter Forsberg wins face-off versus Scott Gomez in Devils zone.
5:04 of 2nd period - Shot by Dan Boyle.
5:04 of 2nd period - Stopped by Martin Brodeur with a rebound.
5:06 of 2nd period - Shot by Simon Gagne.
5:06 of 2nd period - Shot Hit the Post.
5:08 of 2nd period - Shot by Simon Gagne.
5:08 of 2nd period - Stopped by Martin Brodeur without a rebound.
5:09 of 2nd period - Peter Forsberg wins face-off versus Scott Gomez in Devils zone.
5:10 of 2nd period - Shot by Wade Redden.
5:10 of 2nd period - Stopped by Martin Brodeur without a rebound.
5:11 of 2nd period - Peter Forsberg wins face-off versus Miroslav Satan in Devils zone.
6:03 of 2nd period - Icing by Keith Tkachuk.
6:04 of 2nd period - Keith Tkachuk wins face-off versus Scott Gomez in Flyers zone.
7:08 of 2nd period - Minor Penalty to Colin White for Roughing.
7:09 of 2nd period - Peter Forsberg wins face-off versus Scott Gomez in Devils zone.
7:34 of 2nd period - Shot by Simon Gagne.
7:34 of 2nd period - Goal by Simon Gagne - Devils : 2 - Flyers : 1.
7:35 of 2nd period - Travis Zajac wins face-off versus Keith Tkachuk in neutral zone.
7:42 of 2nd period - Shot by John Madden.
7:42 of 2nd period - Deflect By Travis Zajac.
7:42 of 2nd period - Stopped by Chris Osgood without a rebound.
7:43 of 2nd period - Travis Zajac wins face-off versus Tomas Holmstrom in Flyers zone.
7:52 of 2nd period - Shot by Travis Zajac.
7:52 of 2nd period - Deflect By Juraj Kolnik.
7:52 of 2nd period - Stopped by Chris Osgood without a rebound.
7:53 of 2nd period - Scott Gomez wins face-off versus Andy Hilbert in Flyers zone.
8:39 of 2nd period - Icing by Chris Chelios.
8:40 of 2nd period - Scott Gomez wins face-off versus Michal Handzus in Devils zone.
8:40 of 2nd period - Scott Gomez is hit by Jiri Hudler.
9:00 of 2nd period - Shot by Sergei Samsonov.
9:00 of 2nd period - Shot Misses the Net.
9:04 of 2nd period - Shot by Jiri Hudler.
9:04 of 2nd period - Shot Misses the Net.
9:36 of 2nd period - Shot by Keith Tkachuk.
9:36 of 2nd period - Deflect By Tomas Holmstrom.
9:36 of 2nd period - Stopped by Martin Brodeur with a rebound.
9:40 of 2nd period - Shot by Keith Tkachuk.
9:40 of 2nd period - Stopped by Martin Brodeur without a rebound.
9:41 of 2nd period - Michael Nylander wins face-off versus Peter Forsberg in Devils zone.
9:41 of 2nd period - Michael Nylander is hit by Simon Gagne.
10:11 of 2nd period - Shot by Patrik Elias.
10:11 of 2nd period - Shot Misses the Net.
10:20 of 2nd period - Michael Nylander is hit by Mike Knuble and loses puck.
11:05 of 2nd period - Shot by Tomas Holmstrom.
11:05 of 2nd period - Stopped by Martin Brodeur with a rebound.
11:07 of 2nd period - Shot by Pavel Kubina.
11:07 of 2nd period - Shot Misses the Net.
11:11 of 2nd period - Shot by Tomas Holmstrom.
11:11 of 2nd period - Stopped by Martin Brodeur with a rebound.
11:13 of 2nd period - Shot by Pavel Kubina.
11:13 of 2nd period - Stopped by Martin Brodeur without a rebound.
11:14 of 2nd period - Travis Zajac wins face-off versus Sergei Samsonov in Devils zone.
11:31 of 2nd period - Shot by John Madden.
11:31 of 2nd period - Shot Blocked by Mike Rathje.
11:33 of 2nd period - Shot by Juraj Kolnik.
11:33 of 2nd period - Shot Misses the Net.
11:35 of 2nd period - Shot by Travis Zajac.
11:35 of 2nd period - Shot Blocked by Mike Rathje.
11:37 of 2nd period - Shot by Juraj Kolnik.
11:37 of 2nd period - Stopped by Chris Osgood without a rebound.
11:38 of 2nd period - Mike Comrie wins face-off versus Keith Tkachuk in Flyers zone.
11:38 of 2nd period - Mike Comrie is hit by Denis Gauthier.
11:40 of 2nd period - Shot by Brian Gionta.
11:40 of 2nd period - Shot Misses the Net.
11:53 of 2nd period - Tomas Holmstrom is hit by Colin White and loses puck.
12:28 of 2nd period - Mike Rathje is hit by Michael Nylander and loses puck.
13:27 of 2nd period - Shot by Wade Redden.
13:27 of 2nd period - Shot Blocked by Chris Chelios.
13:52 of 2nd period - Minor Penalty to Juraj Kolnik for Hooking.
13:53 of 2nd period - Keith Tkachuk wins face-off versus Michael Nylander in Flyers zone.
13:53 of 2nd period - Keith Tkachuk is hit by Brendan Witt.
14:08 of 2nd period - Denis Gauthier is hit by Brad Lukowich and loses puck.
14:48 of 2nd period - Shot by Wade Redden.
14:48 of 2nd period - Stopped by Martin Brodeur without a rebound.
14:49 of 2nd period - Keith Tkachuk wins face-off versus Scott Gomez in Devils zone.
15:06 of 2nd period - Miroslav Satan is hit by Tomas Holmstrom and loses puck.
15:36 of 2nd period - Shot by Wade Redden.
15:36 of 2nd period - Stopped by Martin Brodeur without a rebound.
15:37 of 2nd period - Michael Nylander wins face-off versus Mike Knuble in Devils zone.
15:43 of 2nd period - Icing by Andy Hilbert.
15:44 of 2nd period - Michael Nylander wins face-off versus Peter Forsberg in Flyers zone.
15:46 of 2nd period - Minor Penalty to Brendan Witt for Hooking.
15:47 of 2nd period - Peter Forsberg wins face-off versus Patrik Elias in Flyers zone.
16:07 of 2nd period - Shot by Wade Redden.
16:07 of 2nd period - Shot Misses the Net.
16:33 of 2nd period - Shot by Branko Radivojevic.
16:33 of 2nd period - Shot Blocked by Brad Lukowich.
16:35 of 2nd period - Shot by Tomas Holmstrom.
16:35 of 2nd period - Shot Misses the Net.
16:37 of 2nd period - Shot by Branko Radivojevic.
16:37 of 2nd period - Shot Misses the Net.
17:22 of 2nd period - Andy Hilbert is hit by Colin White and loses puck.
17:57 of 2nd period - Shot by Travis Zajac.
17:57 of 2nd period - Shot Misses the Net.
18:04 of 2nd period - Minor Penalty to Juraj Kolnik for Roughing.
18:05 of 2nd period - Michael Nylander wins face-off versus Mike Knuble in neutral zone.
18:05 of 2nd period - Patrik Elias is hit by Peter Forsberg and loses puck.
19:06 of 2nd period - Icing by Denis Gauthier.
19:07 of 2nd period - Miroslav Satan wins face-off versus Keith Tkachuk in Flyers zone.
19:21 of 2nd period - Icing by Branko Radivojevic.
19:22 of 2nd period - Scott Gomez wins face-off versus Keith Tkachuk in Flyers zone.
19:40 of 2nd period - Minor Penalty to Peter Forsberg for High sticking.
19:41 of 2nd period - Andy Hilbert wins face-off versus Michael Nylander in neutral zone.
19:46 of 2nd period - Patrik Elias is hit by Andy Hilbert and loses puck.

Period #3

0:01 of 3rd period - Michael Nylander wins face-off versus Keith Tkachuk in neutral zone.
0:10 of 3rd period - Shot by Mike Ribeiro.
0:10 of 3rd period - Goal by Mike Ribeiro - Devils : 3 - Flyers : 1.
0:11 of 3rd period - Michael Nylander wins face-off versus Peter Forsberg in neutral zone.
0:11 of 3rd period - Miroslav Satan is hit by Simon Gagne and loses puck.
0:48 of 3rd period - Shot by Michael Nylander.
0:48 of 3rd period - Stopped by Chris Osgood without a rebound.
0:49 of 3rd period - Scott Gomez wins face-off versus Tomas Holmstrom in Flyers zone.
1:06 of 3rd period - Shot by Zach Parise.
1:06 of 3rd period - Stopped by Chris Osgood without a rebound.
1:07 of 3rd period - Michal Handzus wins face-off versus Mike Comrie in Flyers zone.
1:07 of 3rd period - Michal Handzus is hit by Mike Ribeiro.
1:17 of 3rd period - Shot by Sergei Samsonov.
1:17 of 3rd period - Shot Blocked by Paul Martin.
1:19 of 3rd period - Shot by Michal Handzus.
1:19 of 3rd period - Stopped by Martin Brodeur without a rebound.
1:20 of 3rd period - Scott Gomez wins face-off versus Keith Tkachuk in Devils zone.
1:26 of 3rd period - Icing by Pavel Kubina.
1:27 of 3rd period - Keith Tkachuk wins face-off versus John Madden in Flyers zone.
1:27 of 3rd period - Pavel Kubina is hit by Juraj Kolnik and loses puck.
1:59 of 3rd period - Shot by Branko Radivojevic.
1:59 of 3rd period - Shot Misses the Net.
2:01 of 3rd period - Shot by Tomas Holmstrom.
2:01 of 3rd period - Stopped by Martin Brodeur without a rebound.
2:02 of 3rd period - Peter Forsberg wins face-off versus Zach Parise in Devils zone.
2:19 of 3rd period - Shot by Zach Parise.
2:19 of 3rd period - Stopped by Chris Osgood with a rebound.
2:23 of 3rd period - Shot by Scott Gomez.
2:23 of 3rd period - Deflect By Zach Parise.
2:23 of 3rd period - Shot Misses the Net.
2:25 of 3rd period - Shot by Chris Chelios.
2:25 of 3rd period - Shot Blocked by Dan Boyle.
2:29 of 3rd period - Shot by Scott Gomez.
2:29 of 3rd period - Shot Misses the Net.
2:31 of 3rd period - Shot by Scott Gomez.
2:31 of 3rd period - Shot Misses the Net.
2:44 of 3rd period - Off-side.
2:45 of 3rd period - Mike Comrie wins face-off versus Michal Handzus in neutral zone.
3:02 of 3rd period - Shot by Mike Comrie.
3:02 of 3rd period - Stopped by Chris Osgood without a rebound.
3:03 of 3rd period - Michael Nylander wins face-off versus Keith Tkachuk in Flyers zone.
3:13 of 3rd period - Michael Nylander is hit by Denis Gauthier and loses puck.
3:23 of 3rd period - Keith Tkachuk is hit by Brendan Witt and loses puck.
3:43 of 3rd period - Minor Penalty to Brendan Witt for Roughing.
3:44 of 3rd period - Simon Gagne wins face-off versus Scott Gomez in Devils zone.
3:44 of 3rd period - Simon Gagne is hit by Brad Lukowich.
3:52 of 3rd period - Shot by Simon Gagne.
3:52 of 3rd period - Deflect By Mike Knuble.
3:52 of 3rd period - Shot Blocked by Brad Lukowich.
3:56 of 3rd period - Shot by Simon Gagne.
3:56 of 3rd period - Shot Misses the Net.
3:58 of 3rd period - Shot by Mike Knuble.
3:58 of 3rd period - Stopped by Martin Brodeur with a rebound.
4:00 of 3rd period - Shot by Dan Boyle.
4:00 of 3rd period - Goal by Dan Boyle - Devils : 3 - Flyers : 2.
4:01 of 3rd period - Mike Comrie wins face-off versus Michal Handzus in neutral zone.
4:23 of 3rd period - Shot by Michal Handzus.
4:23 of 3rd period - Stopped by Martin Brodeur without a rebound.
4:24 of 3rd period - Scott Gomez wins face-off versus Andy Hilbert in Devils zone.
5:43 of 3rd period - Pavel Kubina is hit by Brian Gionta and loses puck.
5:49 of 3rd period - Mike Comrie is hit by Denis Gauthier and loses puck.
6:02 of 3rd period - Shot by Tomas Holmstrom.
6:02 of 3rd period - Stopped by Martin Brodeur without a rebound.
6:03 of 3rd period - Michael Nylander wins face-off versus Michal Handzus in Devils zone.
6:22 of 3rd period - Shot by Miroslav Satan.
6:22 of 3rd period - Shot Blocked by Branislav Mezei.
6:24 of 3rd period - Shot by Miroslav Satan.
6:24 of 3rd period - Shot Blocked by Jiri Hudler.
6:32 of 3rd period - Shot by Miroslav Satan.
6:32 of 3rd period - Stopped by Chris Osgood without a rebound.
6:33 of 3rd period - Travis Zajac wins face-off versus Peter Forsberg in Flyers zone.
6:38 of 3rd period - Shot by John Madden.
6:38 of 3rd period - Stopped by Chris Osgood without a rebound.
6:39 of 3rd period - Peter Forsberg wins face-off versus Mike Comrie in Flyers zone.
7:06 of 3rd period - Shot by Peter Forsberg.
7:06 of 3rd period - Stopped by Martin Brodeur without a rebound.
7:07 of 3rd period - Scott Gomez wins face-off versus Keith Tkachuk in Devils zone.
7:09 of 3rd period - Zach Parise is hit by Denis Gauthier and loses puck.
7:20 of 3rd period - Shot by Branko Radivojevic.
7:20 of 3rd period - Shot Misses the Net.
7:22 of 3rd period - Shot by Tomas Holmstrom.
7:22 of 3rd period - Shot Misses the Net.
7:26 of 3rd period - Shot by Keith Tkachuk.
7:26 of 3rd period - Stopped by Martin Brodeur without a rebound.
7:27 of 3rd period - Michal Handzus wins face-off versus Michael Nylander in Devils zone.
7:27 of 3rd period - Jiri Hudler is hit by Patrik Elias and loses puck.
7:32 of 3rd period - Shot by Sergei Samsonov.
7:32 of 3rd period - Goal by Sergei Samsonov - Devils : 3 - Flyers : 3.
7:33 of 3rd period - Travis Zajac wins face-off versus Michal Handzus in neutral zone.
7:33 of 3rd period - Travis Zajac is hit by Sergei Samsonov.
7:38 of 3rd period - Juraj Kolnik is hit by Mike Rathje and loses puck.
7:46 of 3rd period - Minor Penalty to Branislav Mezei for Interference.
7:47 of 3rd period - Scott Gomez wins face-off versus Andy Hilbert in Flyers zone.
9:48 of 3rd period - Icing by Andy Hilbert.
9:49 of 3rd period - Mike Comrie wins face-off versus Peter Forsberg in Flyers zone.
10:03 of 3rd period - Icing by Wade Redden.
10:04 of 3rd period - Peter Forsberg wins face-off versus Scott Gomez in Flyers zone.
10:04 of 3rd period - Peter Forsberg is hit by Scott Gomez.
10:07 of 3rd period - Minor Penalty to Zach Parise for Hooking.
10:08 of 3rd period - Scott Gomez wins face-off versus Tomas Holmstrom in neutral zone.
10:30 of 3rd period - Branko Radivojevic is hit by Chris Chelios and loses puck.
10:37 of 3rd period - Shot by Keith Tkachuk.
10:37 of 3rd period - Stopped by Martin Brodeur without a rebound.
10:38 of 3rd period - Michael Nylander wins face-off versus Peter Forsberg in Devils zone.
10:51 of 3rd period - Shot by Wade Redden.
10:51 of 3rd period - Stopped by Martin Brodeur without a rebound.
10:52 of 3rd period - Peter Forsberg wins face-off versus Scott Gomez in Devils zone.
11:54 of 3rd period - Branko Radivojevic is hit by Brendan Witt and loses puck.
12:43 of 3rd period - Shot by Mike Comrie.
12:43 of 3rd period - Stopped by Chris Osgood without a rebound.
12:44 of 3rd period - Scott Gomez wins face-off versus Andy Hilbert in Flyers zone.
12:47 of 3rd period - Shot by Scott Gomez.
12:47 of 3rd period - Stopped by Chris Osgood with a rebound.
14:00 of 3rd period - Shot by Keith Tkachuk.
14:00 of 3rd period - Stopped by Martin Brodeur with a rebound.
14:36 of 3rd period - Shot by Mike Comrie.
14:36 of 3rd period - Stopped by Chris Osgood without a rebound.
14:37 of 3rd period - Michael Nylander wins face-off versus Michal Handzus in Flyers zone.
14:38 of 3rd period - Shot by Patrik Elias.
14:38 of 3rd period - Shot Misses the Net.
14:56 of 3rd period - Shot by Miroslav Satan.
14:56 of 3rd period - Stopped by Chris Osgood without a rebound.
14:57 of 3rd period - Peter Forsberg wins face-off versus Mike Comrie in Flyers zone.
14:57 of 3rd period - Peter Forsberg is hit by Mike Ribeiro.
15:00 of 3rd period - Icing by Dan Boyle.
15:01 of 3rd period - Peter Forsberg wins face-off versus Mike Comrie in Flyers zone.
15:28 of 3rd period - Shot by Peter Forsberg.
15:28 of 3rd period - Shot Misses the Net.
15:30 of 3rd period - Shot by Simon Gagne.
15:30 of 3rd period - Shot Misses the Net.
15:32 of 3rd period - Shot by Wade Redden.
15:32 of 3rd period - Goal by Wade Redden - Devils : 3 - Flyers : 4.
15:33 of 3rd period - Scott Gomez wins face-off versus Michal Handzus in neutral zone.
15:53 of 3rd period - Minor Penalty to Branislav Mezei for Roughing.
15:54 of 3rd period - Michael Nylander wins face-off versus Sami Kapanen in Flyers zone.
17:37 of 3rd period - Shot by Miroslav Satan.
17:37 of 3rd period - Stopped by Chris Osgood without a rebound.
17:38 of 3rd period - Michael Nylander wins face-off versus Andy Hilbert in Flyers zone.
17:39 of 3rd period - Shot by Miroslav Satan.
17:39 of 3rd period - Shot Misses the Net.
17:41 of 3rd period - Shot by Miroslav Satan.
17:41 of 3rd period - Shot Misses the Net.
17:43 of 3rd period - Shot by Brendan Witt.
17:43 of 3rd period - Stopped by Chris Osgood without a rebound.
17:44 of 3rd period - Andy Hilbert wins face-off versus Scott Gomez in Flyers zone.
17:50 of 3rd period - Icing by Brad Lukowich.
17:51 of 3rd period - Scott Gomez wins face-off versus Andy Hilbert in Devils zone.
18:10 of 3rd period - Shot by Mike Knuble.
18:10 of 3rd period - Shot Misses the Net.
18:12 of 3rd period - Shot by Simon Gagne.
18:12 of 3rd period - Shot Blocked by Mike Comrie.
18:14 of 3rd period - Shot by Peter Forsberg.
18:14 of 3rd period - Shot Misses the Net.
18:18 of 3rd period - Shot by Peter Forsberg.
18:18 of 3rd period - Deflect By Mike Knuble.
18:18 of 3rd period - Stopped by Martin Brodeur without a rebound.
18:19 of 3rd period - Keith Tkachuk wins face-off versus Travis Zajac in Devils zone.
18:20 of 3rd period - Shot by Branko Radivojevic.
18:20 of 3rd period - Deflect By Tomas Holmstrom.
18:20 of 3rd period - Shot Misses the Net.
18:27 of 3rd period - Travis Zajac is hit by Pavel Kubina and loses puck.
18:32 of 3rd period - Shot by John Madden.
18:32 of 3rd period - Stopped by Chris Osgood without a rebound.
18:33 of 3rd period - Scott Gomez wins face-off versus Michal Handzus in Flyers zone.
18:42 of 3rd period - Shot by Zach Parise.
18:42 of 3rd period - Stopped by Chris Osgood without a rebound.
18:43 of 3rd period - Keith Tkachuk wins face-off versus Patrik Elias in Flyers zone.
19:00 of 3rd period - Devils, Martin Brodeur is pulled from the net.


Output by the SimonT Hockey Simulator (STHS) for Stephane Roy -- Original Page W3C XHTML 1.0 Valid